 Dungeon Crawl Stone Soup version 0.19-a0-1268-g6c5d9f8 (webtiles) character file.

123739 4thArraOfDagon the Brawler (level 16, -7/158 HPs)
             Began as a Troll Gladiator on Aug 29, 2016.
             Was the Champion of Kikubaaqudgha.
             Killed from afar by a blizzard demon (27 damage)
             ... with a bolt of lightning
             ... on level 2 of the Abyss.
             The game lasted 01:22:14 (14303 turns).

4thArraOfDagon the Brawler (Troll Gladiator)       Turns: 14303, Time: 01:22:14

Health: -7/158     AC: 10    Str: 27    XL:     16   Next: 37%
Magic:  15/20      EV: 13    Int: 13    God:    Kikubaaqudgha [******]
Gold:   1756       SH: 12    Dex: 10    Spells: 5 memorised, 9 levels left

rFire  + + .     SeeInvis .       - Unarmed
rCold  + . .     Gourm    +     o - +0 troll leather armour
rNeg   . . .     Faith    .     T - +0 shield
rPois  +         Spirit   .     b - +0 hat
rElec  .         Dismiss  .     a - +0 cloak
rCorr  .         Reflect  .     (gloves unavailable)
MR     +....     Harm     .     (boots unavailable)
Stlth  +......... Clarity  +    A - amulet of rage
                                p - ring of poison resistance
                                e - ring of Fiopp {Fire Int+4}

@: about to teleport, regenerating (expiring)
A: unfitting armour, claws 3, horns 1, talons 1, repulsion field 1, molten
scales 1, clarity, cold resistance 2, fire resistance 1, fast metabolism 3,
gourmand, regeneration 1, shaggy fur 1, tough skin 2, subdued magic 1
a: Receive Corpses, Torment, Brand Weapon With Pain, Receive Necronomicon,
Renounce Religion, Evoke Berserk Rage


You were on level 2 of the Abyss.
You worshipped Kikubaaqudgha.
Kikubaaqudgha was exalted by your worship.
You were not hungry.

You visited 5 branches of the dungeon, and saw 27 of its levels.
You visited the Abyss 1 time.
You also visited: Labyrinth and Desolation.

You collected 2008 gold pieces.
You spent 252 gold pieces at shops.

Inventory:

Missiles
 G - 41 large rocks (quivered)
Armour
 a - a +0 cloak (worn)
 b - a +0 hat (worn)
 o - a +0 troll leather armour (worn)
 C - a +2 robe of cold resistance
 J - the +4 skin of Zhor {rC+++}
   (You took it off a minotaur in a labyrinth)

   It renders you almost immune to cold.
 K - a +2 robe of fire resistance
 T - a +0 shield (worn)
 X - a +0 robe of resistance
Magical Staves
 x - an uncursed staff of earth
Jewellery
 e - the ring of Fiopp (left claw) {Fire Int+4}
   (You acquired it on level 1 of the Orcish Mines)

   [ring of fire]

   It enhances your fire magic.
   It affects your intelligence (+4).
   It protects you from fire.
   It makes you vulnerable to cold.
 f - an uncursed ring of positive energy
 p - a ring of poison resistance (right claw)
 A - an amulet of rage (around neck)
 P - an uncursed ring of flight
 Q - an uncursed ring of see invisible
Wands
 w - a wand of polymorph (9/24)
 y - a wand of disintegration (1/24)
 B - a wand of acid (2/15)
 D - a wand of confusion (21/48)
 E - a wand of digging (2/24)
 L - a wand of teleportation (6/9)
 R - a wand of acid (5/15)
 Z - a wand of confusion (19/48)
Scrolls
 h - 9 scrolls of remove curse
 j - a scroll of enchant weapon
 k - 4 scrolls of noise
 s - a scroll of amnesia
 H - 2 scrolls of enchant armour
 M - a scroll of recharging
 U - 2 scrolls of fear
 V - 4 scrolls of fog
 Y - 3 scrolls of identify
Potions
 c - 2 potions of magic
 i - 4 potions of curing
 l - 2 potions of cure mutation
 n - 4 potions of lignification
 q - a potion of agility
 r - a potion of degeneration
 t - 3 potions of haste
 v - 5 potions of heal wounds
 z - 3 potions of brilliance
 F - 4 potions of cancellation
 O - 2 potions of might
 W - 2 potions of flight
Miscellaneous
 g - a lamp of fire
 S - a box of beasts
Comestibles
 d - 16 bread rations
 m - 6 meat rations
 u - 2 slices of pizza


   Skills:
 - Level 10.0 Fighting
 - Level 1.7 Throwing
 - Level 4.0 Dodging
 - Level 10.3 Shields
 - Level 16.4 Unarmed Combat
 + Level 3.6 Spellcasting
 - Level 4.1 Charms
 - Level 5.3 Necromancy
 + Level 7.2 Transmutations
 + Level 8.4 Earth Magic
 - Level 5.4 Evocations


You had 9 spell levels left.
You knew the following spells:

 Your Spells              Type           Power        Failure   Level  Hunger
a - Regeneration          Chrm/Necr      ##........   10%         3    ###....
b - Sublimation of Blood  Necr           ##........   3%          2    ##.....
c - Passwall              Tmut/Erth      ###.......   1%          2    ##.....
d - Passage of Golubria   Tloc           N/A          99%         4    #####..
e - Swiftness             Chrm/Air       #.......     17%         2    ##.....


Dungeon Overview and Level Annotations

Branches:
Dungeon (15/15)            Temple (1/1) D:6            Lair (6/6) D:10
  Snake (0/4) Lair:2        Slime (0/5) Lair:6          Orc (2/2) D:10
    Elf (3/3) Orc:2        Vaults (0/5) D:13         Depths (0/5) D:15
  Swamp: Lair:2-4    Shoals: Lair:2-4

Altars:
Cheibriados
Dithmenos
Elyvilon
Fedhas
Gozag
Kikubaaqudgha
Makhleb
Ru
Trog
Vehumet
Yredelemnul
Zin
The Shining One
Beogh

Shops:
D:6 %   D:11 %[(   D:12 (   Orc:2 ?[*(

Portals:
Trove: D:10 (give 14 scrolls of teleportation)

Annotations:
D:4 Sigmund
D:12 exclusion: 2 upstairs
D:15 Kirke
Lair:3 exclusion: upstairs


Innate Abilities, Weirdness & Mutations

You are too large for most types of armour.
You have claws for hands.
Your metabolism is lightning-fast.
You like to eat raw meat.
Your natural rate of healing is unusually fast.
You are covered in fur. (AC +1)
You have very tough skin. (AC +2)
You have a pair of small horns on your head.
You have sharp toenails.
You are surrounded by a mild repulsion field. (EV +2)
You are partially covered in molten scales. (AC +2)
You possess an exceptional clarity of mind.
Your flesh is very cold resistant. (rC++)
Your flesh is heat resistant. (rF+)
Your spells are a little easier to cast, but a little less powerful.


Message History

The raiju is lightly wounded.
Your skin is crawling a little less now.
The raiju bursts into living lightning!
The living lightning hits the raiju.
The raiju completely resists.
The living lightning hits you! x2; The raiju blinks!
Unknown command.
Unknown command.
You closely miss the raiju. Your kick misses the raiju.
You headbutt the raiju, but do no damage.
The raiju bites you. The raiju shocks you!
Unknown command.
You miss the raiju. Your kick misses the raiju.
The raiju bites you but does no damage. The blizzard demon gestures at you.
The bolt of lightning hits the raiju.
The raiju completely resists.
The bolt of lightning hits you!
* * * LOW HITPOINT WARNING * * *
The bolt of lightning hits you!
You die...
Kikubaaqudgha rasps: "You have failed me!
Welcome... death!"

. ... ..# .
... #.. ##
##2. . #.
#.#..#....
# .... ....
# #####.#
.. #@#.#
##.##hh2# #
#.##.#
#..#..x#.#.
#####.#
.... . .
..##..#.#.
. ...# #...
## # ......
#
ยง#.#.##.#.


You could see a blizzard demon, 2 raiju and a small abomination.

Vanquished Creatures
  Donald (Orc:2)
  3 deep elf sorcerers
  2 deep elf elementalists (Elf:3)
  Azrael (D:12)
  3 halazid warlocks (Desolation)
  A deep elf demonologist (Elf:3)
  6 ragged hierophants (Desolation)
  Snorg (D:11)
  2 crystal guardians (Desolation)
  A minotaur (Lab)
  A fire dragon (Lair:6)
  A deep elf high priest (Elf:3)
  4 hydras
  5 peacekeepers
  2 centaur warriors (D:15)
  5 servants of whispers (Desolation)
  3 alligator snapping turtles (Desolation)
  3 dancing weapons
  11 death yaks
  A tengu warrior (D:12)
  A thrashing horror (Abyss:2)
  4 orc high priests (Orc:2)
  5 deep elf knights
  A fire crab (Lair:6)
  A fire crab (shapeshifter) (D:14)
  A flayed ghost (Abyss:2)
  A sea snake (shapeshifter) (D:13)
  An unseen horror (D:13)
  An orc knight (Orc:1)
  2 starcursed masses (Abyss:2)
  A hill giant (D:14)
  Pikel (D:7)
  3 deep elf archers
  A wolf spider (D:15)
  A harpy (shapeshifter) (D:13)
  22 deep elf magi
  3 orc sorcerers (Orc:2)
  2 ugly things
  2 large abominations (Abyss:2)
  An elephant (shapeshifter) (D:13)
  7 cyclopes
  5 guardian serpents (Desolation)
  10 elephants
  Maurice (Orc:1)
  A black mamba (shapeshifter) (D:14)
  3 black mambas
  A smoke demon (Abyss:2)
  5 spiny frogs
  Psyche (D:12)
  4 rime drakes
  6 komodo dragons
  A tengu conjurer (D:15)
  An ancient zyme (Abyss:2)
  3 meliai (D:14)
  8 polar bears (Lair:6)
  2 two-headed ogres
  4 trolls
  39 saltlings (Desolation)
  3 slime creatures
  10 blink frogs
  A meliai zombie (D:13)
  6 raiju
  6 dream sheep (Lair:6)
  2 air elementals
  A wyvern (D:10)
  2 vampires (D:14)
  A wraith (D:12)
  A hog (D:14)
  4 water elementals
  21 yaks
  8 hippogriffs
  4 fire elementals
  3 hungry ghosts
  4 vampire mosquitoes (Lair:3)
  4 steam dragons
  3 mottled dragons (Lair:6)
  Edmund (D:5)
  7 wargs
  12 hell hounds
  7 water moccasins
  5 porcupines
  2 swamp drakes (Lair:6)
  24 orc warriors
  A sky beast (D:14)
  A phantom (D:5)
  3 ice beasts
  2 small abominations (Abyss:2)
  14 black bears
  10 ogres
  18 centaurs
  14 wolves (Lair:6)
  10 crocodiles
  A big kobold (D:13)
  10 giant frogs
  An earth elemental (Elf:3)
  2 scorpions
  3 killer bees (D:7)
  6 wights
  2 crimson imps
  6 centaur zombies
  14 jellies
  A quasit (D:10)
  A giant frog zombie (D:6)
  22 hounds
  33 orc priests
  3 centaur skeletons
  35 orc wizards
  7 iguanas
  Terence (D:3)
  11 worker ants
  A hell rat (D:10)
  2 worker ant zombies
  11 adders
  A gnoll (D:4)
  47 river rats
  2 shadow imps
  An ooze (D:4)
  A worm (D:2)
  A dart slug (D:3)
  2 giant geckos (D:6)
  76 orcs
  A ball python (D:5)
  4 bats
  2 giant cockroaches
  6 hobgoblins
  2 jackals (D:7)
  6 kobolds
  3 quokkas
  2 goblins
  A quokka zombie (D:5)
  2 rats (D:1)
  A fungus (Lair:4)
763 creatures vanquished.

Vanquished Creatures (collateral kills)
  A saltling (Desolation)
  A centaur (D:15)
2 creatures vanquished.

Vanquished Creatures (others)
  A water elemental (Elf:3)
  An orc wizard (D:13)
  A giant gecko (D:7)
  An orc (D:10)
  A bush (Lair:2)
  19 fungi
  31 plants
  6 toadstools (Lair:2)
61 creatures vanquished.

Grand Total: 826 creatures vanquished

Notes
Turn   | Place    | Note
-------+----------+-------------------------------------------
     0 | D:1      | 4thArraOfDagon the Troll Gladiator began the quest for the Orb.
     0 | D:1      | Reached XP level 1. HP: 19/19 MP: 0/0
   199 | D:2      | Reached XP level 2. HP: 28/28 MP: 1/1
   304 | D:3      | Reached skill level 4 in Unarmed Combat
   304 | D:3      | Reached XP level 3. HP: 19/35 MP: 2/2
   315 | D:3      | Reached XP level 4. HP: 13/42 MP: 3/3
   330 | D:3      | Noticed Terence
   342 | D:3      | Killed Terence
   405 | D:4      | Noticed a phantom
   474 | D:4      | Reached skill level 5 in Unarmed Combat
   483 | D:4      | Noticed Sigmund
   712 | D:3      | Reached XP level 5. HP: 50/50 MP: 4/4
   884 | D:4      | Reached skill level 6 in Unarmed Combat
   884 | D:4      | Reached XP level 6. HP: 59/59 MP: 5/5
  1015 | D:5      | Entered Level 5 of the Dungeon
  1017 | D:5      | Noticed Edmund
  1042 | D:5      | Killed Edmund
  1114 | D:5      | Reached XP level 7. HP: 56/67 MP: 6/6
  1160 | D:5      | Reached skill level 7 in Unarmed Combat
  1342 | D:5      | Reached skill level 8 in Unarmed Combat
  1425 | D:6      | Reached XP level 8. HP: 79/79 MP: 7/7
  1501 | D:6      | Found Neeshaer's Food Shop.
  1538 | D:6      | Reached skill level 9 in Unarmed Combat
  1570 | D:6      | Found an opulent altar of Gozag.
  1585 | D:6      | Found a staircase to the Ecumenical Temple.
  1595 | D:6      | Reached skill level 5 in Fighting
  1600 | Temple   | Entered the Ecumenical Temple
  1631 | Temple   | Became a worshipper of Kikubaaqudgha
  1830 | D:7      | Reached skill level 10 in Unarmed Combat
  1921 | D:7      | Noticed Pikel
  1945 | D:7      | Killed Pikel
  1945 | D:7      | Reached XP level 9. HP: 58/89 MP: 8/8
  2040 | D:7      | Reached skill level 11 in Unarmed Combat
  2085 | D:7      | Reached * piety under Kikubaaqudgha
  2085 | D:7      | Identified Kikubaaqudgha's Grimoire of Unholy Secrets (Kikubaaqudgha gifted it to you on level 7 of the Dungeon)
  2085 | D:7      | Received a gift from Kikubaaqudgha
  2093 | D:7      | Learned a level 3 spell: Regeneration
  2096 | D:7      | Learned a level 2 spell: Sublimation of Blood
  2197 | D:8      | Learned a level 2 spell: Passwall
  2593 | D:9      | Reached skill level 1 in Evocations
  2621 | D:10     | Entered Level 10 of the Dungeon
  2747 | D:10     | Reached ** piety under Kikubaaqudgha
  2795 | D:10     | Reached XP level 10. HP: 75/100 MP: 10/10
  2978 | D:10     | Reached skill level 12 in Unarmed Combat
  3017 | D:10     | Found a staircase to the Lair.
  3126 | D:10     | Found a portal to a secret trove of treasure.
  3281 | D:12     | Found a glowing golden altar of the Shining One.
  3330 | D:10     | Found a staircase to the Orcish Mines.
  3397 | D:11     | Found Safuggeg's Food Boutique.
  3407 | D:11     | Noticed a five-headed hydra
  3517 | D:11     | Noticed Snorg
  3591 | D:12     | Noticed Psyche
  3604 | D:12     | Killed Psyche
  3673 | D:12     | Noticed a tengu warrior
  3673 | D:12     | Noticed a tengu warrior
  3699 | D:12     | Killed a tengu warrior
  3699 | D:12     | Reached skill level 13 in Unarmed Combat
  3829 | D:12     | Found Omiel's Weapon Shop.
  3833 | D:12     | Noticed Azrael
  3862 | D:12     | Killed Azrael
  3862 | D:12     | Reached XP level 11. HP: 32/111 MP: 11/13
  4037 | D:13     | Reached *** piety under Kikubaaqudgha
  4037 | D:13     | Identified Kikubaaqudgha's Compendium of Unholy Magic (Kikubaaqudgha gifted it to you on level 13 of the Dungeon)
  4037 | D:13     | Received a gift from Kikubaaqudgha
  4370 | D:13     | Noticed a sea snake
  4386 | D:13     | Killed a sea snake
  4410 | D:13     | Noticed a swamp dragon
  4411 | D:13     | Noticed a harpy
  4436 | D:13     | Reached skill level 14 in Unarmed Combat
  4448 | D:13     | Noticed a harpy
  4453 | D:13     | Killed a harpy
  4460 | D:13     | Found a gate to the Vaults.
  4524 | D:14     | Reached skill level 5 in Evocations
  4568 | D:15     | Entered Level 15 of the Dungeon
  4570 | D:15     | Noticed a purple ugly thing
  4570 | D:15     | Noticed a purple ugly thing
  4571 | D:15     | Noticed a purple ugly thing
  4592 | D:15     | Reached **** piety under Kikubaaqudgha
  4623 | D:15     | Noticed a purple ugly thing
  4623 | D:15     | Killed a purple ugly thing
  4628 | D:15     | Noticed a catoblepas
  4630 | D:15     | Noticed a deep elf mage
  4639 | D:15     | Noticed a centaur warrior
  4646 | D:15     | Noticed Kirke
  4656 | D:15     | Noticed a tengu warrior
  4657 | D:15     | Killed a deep elf mage
  4673 | D:15     | Noticed a wolf spider
  4722 | D:15     | Killed a wolf spider
  4743 | D:15     | Found a labyrinth entrance.
  4766 | Lab      | Entered a labyrinth
  4840 | Lab      | Noticed a minotaur
  4856 | Lab      | Killed a minotaur
  4856 | Lab      | Reached XP level 12. HP: 115/122 MP: 15/15
  4914 | D:15     | Noticed a centaur warrior
  4921 | D:15     | Killed a centaur warrior
  4921 | D:15     | Reached skill level 15 in Unarmed Combat
  5055 | D:15     | Killed a centaur warrior
  5129 | D:14     | Gained mutation: You have a pair of small horns on your head. [mutagenic meat]
  5132 | D:14     | Gained mutation: Your flesh is cold resistant. (rC+) [mutagenic meat]
  5168 | D:14     | Found a basalt altar of Yredelemnul.
  5278 | D:14     | Noticed a death knight
  5659 | D:13     | Reached skill level 16 in Unarmed Combat
  5722 | D:13     | Reached ***** piety under Kikubaaqudgha
  5928 | D:11     | Killed Snorg
  5946 | D:11     | Found Baat's Armour Shop.
  6054 | D:11     | Found Sudem's Antique Weapon Shop.
  6101 | D:10     | Reached skill level 1 in Necromancy
  6112 | D:10     | Reached skill level 10 in Fighting
  6122 | D:10     | Reached skill level 1 in Transmutations
  6339 | Orc:1    | Entered Level 1 of the Orcish Mines
  6339 | Orc:1    | Found Sahochi's Gadget Shop.
  6431 | Orc:1    | Found a roughly hewn altar of Beogh.
  6657 | Orc:1    | Noticed Maurice
  6668 | Orc:1    | Reached XP level 13. HP: 128/133 MP: 16/16
  6682 | Orc:1    | Killed Maurice
  6685 | Orc:1    | Identified a scroll of acquirement
  6686 | Orc:1    | Got a sparkling marble ring
  6688 | Orc:1    | Identified the ring of Fiopp {Fire Int+4} (You acquired it on level 1 of the Orcish Mines)
  6834 | Orc:2    | Entered Level 2 of the Orcish Mines
  6834 | Orc:2    | Noticed Donald
  6904 | Orc:2    | Found a staircase to the Elven Halls.
  7017 | Orc:2    | Found a roughly hewn altar of Beogh.
  7052 | Orc:2    | Killed Donald
  7290 | Orc:2    | Reached skill level 1 in Shields
  7566 | Orc:2    | Reached ****** piety under Kikubaaqudgha
  7571 | Orc:2    | Found Heet's Magic Scroll Shop.
  7572 | Orc:2    | Found Bocaumpo's Antique Armour Shop.
  7573 | Orc:2    | Found Xaakucza's Antique Weapon Boutique.
  7578 | Orc:2    | Found Nackysol's General Store.
  7644 | Orc:2    | Bought a potion of brilliance for 40 gold pieces
  7645 | Orc:2    | Bought a scroll of identify for 34 gold pieces
  7645 | Orc:2    | Bought a scroll of blinking for 127 gold pieces
  7645 | Orc:2    | Bought a scroll of teleportation for 51 gold pieces
  7839 | Orc:2    | Paralysed by an orc sorcerer for 6 turns
  7865 | Orc:2    | Learned a level 4 spell: Passage of Golubria
  7868 | Orc:2    | Learned a level 2 spell: Swiftness
  8088 | Lair:1   | Entered Level 1 of the Lair of Beasts
  8239 | Lair:1   | Reached skill level 5 in Shields
  8378 | Lair:2   | Found a staircase to the Snake Pit.
  9161 | Lair:6   | Entered Level 6 of the Lair of Beasts
  9302 | Lair:4   | Reached XP level 14. HP: 93/143 MP: 17/17
  9444 | Lair:4   | Gained mutation: You are surrounded by a mild repulsion field. (EV +2) [potion of mutation]
  9444 | Lair:4   | Gained mutation: Your magical capacity is low. (-10% MP) [potion of mutation]
  9444 | Lair:4   | Gained mutation: You have sharp toenails. [potion of mutation]
  9445 | Lair:4   | Lost mutation: Your magical capacity is low. (-10% MP) [potion of mutation]
  9445 | Lair:4   | Gained mutation: Your spells are a little easier to cast, but a little less powerful. [potion of mutation]
  9446 | Lair:4   | Gained mutation: Your flesh is heat resistant. (rF+) [potion of mutation]
  9446 | Lair:4   | Gained mutation: You are partially covered in molten scales. (AC +2) [potion of mutation]
  9446 | Lair:4   | Gained mutation: Your flesh is very cold resistant. (rC++) [potion of mutation]
  9560 | Lair:6   | Found a staircase to the Slime Pits.
 10044 | Lair:6   | Reached skill level 10 in Shields
 10228 | Lair:6   | Reached skill level 1 in Spellcasting
 10260 | Lair:6   | Reached skill level 1 in Charms
 11147 | Elf:1    | Entered Level 1 of the Elven Halls
 11218 | Elf:1    | Reached XP level 15. HP: 115/149 MP: 18/18
 11226 | Elf:1    | Reached skill level 5 in Necromancy
 11312 | Elf:1    | Found a ruined silver gateway.
 11352 | Desolati | Entered the Desolation of Salt
 11453 | Desolati | Reached skill level 1 in Earth Magic
 11927 | Desolati | Vidiiot: Ooh new content ;D
 11965 | Desolati | 4thArraOfDagon: i really like this
 11982 | Desolati | Vidiiot: I kind of want to play 0.19
 12122 | Desolati | Reached skill level 5 in Earth Magic
 12298 | Desolati | Reached skill level 5 in Transmutations
 12343 | Desolati | Gained mutation: You possess an exceptional clarity of mind. [potion of beneficial mutation]
 12487 | Desolati | Noticed an imperial myrmidon
 12708 | Desolati | hmm
 12708 | Desolati | 4thArraOfDagon: @?? imperial myrmidon
 12708 | Desolati | beem: imperial myrmidon (p)
                  | Spd:
    12 | HD: 16   | HP: 62-88
                  | AC/EV: 4/21
                  | Dam: 30(vuln)
                  | weapons, items, doors, spellcaster
                  | Res: magic(60)
                  | XP: 1679
                  | Sp: slow, confuse, agony
                  | Sz: Medium
                  | Int: human.
 12760 | Desolati | incide: ugh dark red drain
 12760 | Desolati | Ultraviolent4: those dudes are nuts
 13002 | Elf:1    | Noticed a deep elf sorcerer
 13016 | Elf:1    | Killed a deep elf sorcerer
 13174 | Elf:2    | Reached XP level 16. HP: 149/158 MP: 19/19
 13389 | Elf:3    | Entered Level 3 of the Elven Halls
 13924 | Elf:3    | Noticed an Executioner
 13945 | Elf:3    | Cast into level 2 of the Abyss (a deep elf sorcerer)
 14159 | Abyss:2  | Noticed a bone dragon
 14303 | Abyss:2  | Killed from afar by a blizzard demon

Vault maps used:
D:1:      evilmike_arrival_crescent
D:2:      serial_park_tiny_pond
D:3:      uniq_terence
D:4:      first_bread, portal_sewer_entry_a, uniq_sigmund,
          uniq_crazy_yiuf_cottage
D:5:      kb_lookout_dungeons_type, minmay_misc_feat_nine_boxes,
          minmay_a_box_with_orc_wizards_in_it, uniq_edmund
D:6:      serial_shops, shop, nicolae_gozag_cash_rules_everything_around_me
D:7:      uniq_pikel
D:10:     dpeg_lair_monsters, orc_0_dummy, trove_entry_hex_spiral,
          kennysheep_kite_vault
D:11:     serial_shops, nicolae_shop_crystal, nicolae_shop_behind_doors,
          kennysheep_mini_moat, uniq_snorg
D:12:     serial_shops, shop, grunt_ogre_cave, minmay_misc_feat_more_columns,
          nicolae_tso_swordbearing_angel, uniq_azrael, uniq_psyche
D:13:     statuecave_lemuel, david_vaults_2
D:14:     yredelemnul_altar_generic, kennysheep_generic_room_9
D:15:     grunt_enter_depths_snipers, lab_entry_generic, corexii_corridor_pit,
          lemuel_freeze_loot_1, uniq_kirke
Temple:   kilobyte_greek_temple
Lair:2:   gammafunk_lair_enchanted_lake, dummy_snake_entry, minmay_hedge_maze,
          serial_bayou_shore_a
Lair:3:   minmay_swamp_entry_swarm, infiniplex_staircase_pool_2
Lair:4:   grunt_forest_small_clearings, lemuel_centaur_altar,
          lemuel_fruit_fields
Lair:5:   grunt_megastairs_1, infiniplex_staircase_pool
Lair:6:   hangedman_lair_caniforms_friends, guppyfry_lair_end_dragon,
          minmay_slime_entry_jelly_boxes
Orc:1:    serial_shops, shop_fountains, mines2_david, uniq_maurice
Orc:2:    st_orc_mages, basic_altar, uniq_donald
Elf:1:    portal_desolation_entry_twin_temple, abandoned_shop, spider_trap
Elf:2:    enter_trove_1
Elf:3:    nooodl_elf_gasket
Lab:      labyrinth_watery, lab_block, nicolae_lab_plus, lab_hedge,
          labyrinth_skeletal_remains

Skill      XL: |  1  2  3  4  5  6  7  8  9 10 11 12 13 14 15 16 |
---------------+-------------------------------------------------+-----
Fighting       | 2 3 4 5 6 7 8 10 | 10.0
Unarmed Combat | 4 5 6 8 10 11 13 14 16 | 16.4
Evocations     | 1 4 5 |  5.4
Necromancy     | 1 2 4 5 |  5.3
Transmutations | 1 2 6 7 |  7.2
Shields        | 8 10 | 10.3
Dodging        | 4 |  4.0
Spellcasting   | 2 3 |  3.6
Charms         | 3 4 |  4.1
Earth Magic    | 7 8 |  8.4
Throwing       | |  1.7

Action                   |  1- 3 |  4- 6 |  7- 9 | 10-12 | 13-15 | 16-18 || total
-------------------------+-------+-------+-------+-------+-------+-------++-------
Melee: Unarmed           |    31 |    98 |   244 |   463 |  1391 |   181 ||  2408
       Punch             |       |     3 |    10 |    38 |     3 |       ||    54
       Headbutt          |       |       |       |    33 |   276 |    36 ||   345
       Kick              |       |       |       |       |   293 |    59 ||   352
Throw: Throwing net      |     1 |     1 |     2 |     4 |       |       ||     8
 Cast: Regeneration      |       |       |       |       |    20 |     6 ||    26
 Abil: Evoke Berserk Rag |       |       |       |     3 |    22 |     5 ||    30
       Evoke Flight      |       |       |       |     1 |       |       ||     1
Evoke: Wand              |       |       |     1 |    25 |    18 |       ||    44
       Lamp of fire      |       |       |       |       |     2 |       ||     2
       Box of beasts     |       |       |       |       |     1 |       ||     1
  Use: Scroll            |       |     8 |     2 |     8 |    22 |     3 ||    43
       Potion            |       |       |       |     5 |    12 |     1 ||    18
 Stab: Sleeping          |       |     1 |       |       |       |       ||     1
       Held in net/web   |       |       |     1 |     2 |       |       ||     3
       Confused          |       |       |       |     3 |     1 |       ||     4
  Eat: Chunk             |     6 |     8 |    16 |    48 |    69 |    10 ||   157
       Pizza             |       |       |       |     1 |       |       ||     1
       Fruit             |       |       |       |       |     7 |       ||     7
       Beef jerky        |       |       |       |       |     5 |     1 ||     6
Armor: Robe              |    10 |    29 |       |       |       |       ||    39
       Troll hide        |       |       |    44 |     8 |       |       ||    52
       Troll leather arm |       |       |       |    68 |   183 |    27 ||   278
       Animal skin       |       |       |       |    62 |    62 |       ||   124
Dodge: Dodged            |     7 |    48 |   103 |   211 |   378 |    49 ||   796
Block: Shield            |       |       |       |       |   520 |    60 ||   580
